 Dungeon Crawl Stone Soup version 0.21.1-1-g345015f (webtiles) character file.

254 prawnwizard the Magician (level 5, 0/28 HPs)
             Began as a Deep Elf Fire Elementalist on June 27, 2018.
             Killed by divine providence
             ... invoked by an orc priest
              (10 damage)
             ... on level 4 of the Dungeon.
             The game lasted 00:21:04 (3310 turns).

prawnwizard the Magician (DEFE)                     Turns: 3310, Time: 00:21:05

Health: 0/28       AC:  2    Str:  5    XL:     5   Next: 91%
Magic:  14/14      EV: 14    Int: 21    God:
Gold:   116        SH:  0    Dex: 15    Spells: 7/13 levels left

rFire    . . .     SeeInvis .   g - +2 dagger (venom)
rCold    . . .     Gourm    .   (no shield)
rNeg     . . .     Faith    .   a - +0 robe
rPois    +         Spirit   .   (no helmet)
rElec    .         Reflect  .   (no cloak)
rCorr    .         Harm     +   (no gloves)
MR       .....                  (no boots)
Stlth    ++........             i - amulet of harm
HPRegen  0.09/turn              l - ring of poison resistance
MPRegen  0.14/turn              (no ring)

@: no status effects
A: no striking features
a: no special abilities


You were on level 4 of the Dungeon.
You were hungry.

You visited 1 branch of the dungeon, and saw 4 of its levels.

You collected 116 gold pieces.

Inventory:

Hand Weapons
 g - a +2 dagger of venom (weapon)
 n - a +1 short sword of venom
 p - a +0 dagger
 q - a +1 dagger of flaming
Armour
 a - a +0 robe (worn)
Jewellery
 i - an amulet of harm (around neck)
 l - a ring of poison resistance (left hand)
Wands
 r - a wand of iceblast (9)
Scrolls
 f - a scroll of amnesia
 h - 2 scrolls of remove curse
 j - 3 scrolls of teleportation
 m - 3 scrolls of identify
Potions
 e - 3 potions of curing {unknown}
 k - 3 potions of degeneration
 o - 2 potions of berserk rage {unknown}
 s - a potion of lignification {unknown}
 t - a potion of cancellation {unknown}
 u - a potion of heal wounds {unknown}
Books
 b - a book of Flames

   Spells                             Type                      Level
   a - Flame Tongue                   Conjuration/Fire             1
   b - Throw Flame                    Conjuration/Fire             2
   c - Conjure Flame                  Conjuration/Fire             3
   d - Inner Flame                    Hexes/Fire                   3
   e - Sticky Flame                   Conjuration/Fire             4
   f - Fireball                       Conjuration/Fire             5
Comestibles
 c - 4 rations


   Skills:
 + Level 0.5 Short Blades
 + Level 4.1 Dodging
 - Level 2.7 Stealth
 + Level 4.8 Spellcasting
 + Level 3.0 Conjurations
 + Level 4.7 Fire Magic


You had 7 spell levels left.
You knew the following spells:

 Your Spells              Type           Power        Failure   Level  Hunger
a - Flame Tongue          Conj/Fire      ###..        2%          1    None
b - Throw Flame           Conj/Fire      ###...       3%          2    None
c - Conjure Flame         Conj/Fire      ###.....     7%          3    ##.....


Dungeon Overview and Level Annotations

Branches:
Dungeon (4/15)
 Temple: D:4-7

Altars:
Wu Jian


Message History

You puncture the adder!
You kill the adder!
The orc shouts!
The orc priest shouts!
The ball python bites you. The ball python completely misses you.
The orc wizard shouts!
An iguana comes into view.
The ball python misses you. The ball python closely misses you.
The orc priest invokes the aid of Beogh against you.
Beogh smites you!
Ouch! That really hurt!
The ball python bites you. The ball python grabs you.
The ball python constricts you.
Found an escape hatch in the ceiling.
You escape the ball python's grasp.
The iguana hisses angrily.
Found a scroll of amnesia.
An ogre comes into view. It is wielding a giant club.
The orc priest invokes the aid of Beogh against you.
Beogh smites you!
You die...

$. ### .# # ...#
..#.
......###...
..<........#
...........O#
......!...#.##
........#.#@.#
........#..#?##
.........S....#
.........####.#
........o# .#
.......o<# ##
......o.....#
.............#
#...............


You could see an ogre, an orc priest, an orc wizard, an orc and a ball python.

Vanquished Creatures
  An ogre (D:2)
  A howler monkey (D:2)
  6 adders
  An ooze (D:1)
  A worm (D:2)
  A dart slug (D:1)
  3 orcs (D:3)
  2 ball pythons
  5 giant cockroaches
  10 goblins
  7 hobgoblins
  5 jackals
  A quokka (D:2)
  5 bats
  4 frilled lizards
  8 kobolds
  4 rats
65 creatures vanquished.

Vanquished Creatures (others)
  A plant (D:1)
1 creature vanquished.

Grand Total: 66 creatures vanquished

Notes
Turn   | Place    | Note
-------+----------+-------------------------------------------
     0 | D:1      | prawnwizard the Deep Elf Fire Elementalist began the quest for the Orb.
     0 | D:1      | Reached XP level 1. HP: 10/10 MP: 6/6
   448 | D:1      | Reached XP level 2. HP: 14/15 MP: 4/8
   452 | D:1      | Learned a level 2 spell: Throw Flame
  1163 | D:2      | Noticed a howler monkey
  1169 | D:2      | Killed a howler monkey
  1169 | D:2      | Reached XP level 3. HP: 11/19 MP: 0/10
  1448 | D:2      | Reached XP level 4. HP: 24/24 MP: 8/11
  1453 | D:2      | Learned a level 3 spell: Conjure Flame
  1453 | D:2      | Found an ornate altar of the Wu Jian Council.
  2283 | D:2      | Noticed an ogre
  2319 | D:2      | Killed an ogre
  2319 | D:2      | Reached XP level 5. HP: 15/28 MP: 4/13
  3309 | D:4      | Noticed an ogre
  3310 | D:4      | Killed from afar by an orc priest

Skill      XL: |  1  2  3  4  5 |
---------------+----------------+-----
Dodging        | 3 4 |  4.1
Fire Magic     | 4 |  4.7
Conjurations   | 2 3 |  3.0
Spellcasting   | 4 |  4.8
Short Blades   | |  0.5
Stealth        | |  2.7

Action                   |  1- 3 |  4- 6 || total
-------------------------+-------+-------++-------
Melee: Unarmed           |     8 |       ||     8
       Dagger            |    21 |    30 ||    51
       Short sword       |       |    35 ||    35
 Cast: Flame Tongue      |    20 |     9 ||    29
       Throw Flame       |    20 |    45 ||    65
  Use: Scroll            |       |     4 ||     4
 Stab: Sleeping          |     1 |     1 ||     2
  Eat: Ration            |     1 |     1 ||     2
       Chunk             |       |     1 ||     1
Armor: Robe              |    16 |    15 ||    31
Dodge: Dodged            |    46 |    97 ||   143
